 Dungeon Crawl Stone Soup version 0.30-a0-305-g026cb31310 (webtiles) character file.

Game seed: 4294604985784199293

38 McGhostyFace the Firebug (level 3, 0/28 HPs)
             Began as a Gnoll Wanderer on Oct 24, 2022.
             Was a Follower of Nemelex Xobeh.
             Killed from afar by Sigmund (13 damage)
             ... with a puff of flame
             ... on level 2 of the Dungeon.
             The game lasted 00:02:53 (1074 turns).

McGhostyFace the Firebug (Gnoll Wanderer)           Turns: 1074, Time: 00:02:54

Health: 0/28       AC:  3    Str:  7    XL:     3   Next: 43%
Magic:  7/7        EV: 12    Int: 15    God:    Nemelex Xobeh [*.....]
Gold:   68         SH:  0    Dex: 13    Spells: 6/7 levels left

rFire   . . .      SeeInvis .    j - +2 whip (elec)
rCold   . . .      Faith    .    (no shield)
rNeg    . . .      Spirit   .    c - +0 robe
rPois   .          Reflect  .    (no helmet)
rElec   .          Harm     .    (no cloak)
rCorr   .          Rampage  .    (no gloves)
Will    .....                    d - +0 pair of boots
Stlth   ++........               (no amulet)
HPRegen 0.24/turn                (no ring)
MPRegen 0.10/turn                (no ring)

@: no status effects
A: fangs 1, strong nose, distributed training
a: Renounce Religion, Draw Escape, Draw Destruction, Draw Summoning


You were on level 2 of the Dungeon.
You worshipped Nemelex Xobeh.
Nemelex Xobeh was aware of your devotion.
You visited 1 branch of the dungeon, and saw 2 of its levels.

You collected 68 gold pieces.

Inventory:

Hand Weapons
 j - a +2 whip of electrocution (weapon)
Missiles
 f - a javelin (quivered)
Armour
 c - a +0 robe (worn)
 d - a +0 pair of boots (worn)
 k - a +0 ring mail of fire resistance
Scrolls
 a - a scroll of enchant weapon {unknown}
 b - 2 scrolls of blinking
 e - a scroll of poison {unknown}
 l - 2 scrolls of identify {unknown}
 m - a scroll of teleportation {unknown}
Potions
 h - 2 potions of invisibility {unknown}
 i - a potion of curing {unknown}


   Skills:
 + Level 2.6 Fighting
 + Level 0.8 Short Blades
 + Level 0.8 Long Blades
 + Level 0.8 Axes
 + Level 0.8 Maces & Flails
 + Level 0.8 Polearms
 + Level 0.8 Staves
 + Level 0.8 Ranged Weapons
 + Level 2.6 Throwing
 + Level 2.6 Armour
 + Level 2.6 Dodging
 + Level 0.8 Stealth
 + Level 0.8 Shields
 + Level 0.8 Unarmed Combat
 + Level 2.8 Spellcasting
 + Level 0.5 Conjurations
 + Level 0.5 Hexes
 + Level 0.5 Summonings
 + Level 3.7 Necromancy
 + Level 0.5 Translocations
 + Level 0.5 Transmutations
 + Level 5.4 Fire Magic
 + Level 0.5 Ice Magic
 + Level 0.5 Air Magic
 + Level 0.5 Earth Magic
 + Level 0.5 Poison Magic
 + Level 1.0 Invocations
 + Level 0.8 Evocations


You had 6 spell levels left.
You knew the following spells:

 Your Spells              Type           Power      Damage    Failure   Level
a - Foxfire               Conj/Fire      44%        2x1d6     6%          1

Your spell library contained the following spells:

 Spells                   Type           Power      Damage    Failure   Level
 Sublimation of Blood     Necr           13%        N/A       6%          2
 Cigotuvi's Dreadful Rot  Necr/Pois/Air  14%        N/A       16%         2
 Ignite Poison            Fire/Tmut/Pois 8%         N/A       26%         3
 Kindle Blastsparks       Fire/Tloc/Air  16%        2d11      26%         3


Dungeon Overview and Level Annotations

Branches:
Dungeon (2/15)

Altars:
Nemelex Xobeh

Annotations:
D:2 Sigmund


Innate Abilities, Weirdness & Mutations

You have very sharp teeth.
Your uncanny sense of smell can sniff out nearby items.
Your experience applies equally to all skills.


Message History

Sigmund misses you.
Unknown command.
Sigmund hits you but does no damage.
You feel less confused. Sigmund hits you with a +0 scythe!
You hit Sigmund.
Sigmund is heavily wounded.
Sigmund casts a spell at you. You resist with significant effort.
You closely miss Sigmund. Your bite misses Sigmund.
Sigmund is severely wounded.
Sigmund closely misses you.
You hit Sigmund.
Sigmund is severely wounded.
Sigmund gestures at you while chanting.
You are confused.
You bump into the rock wall.
Sigmund looks more healthy.
Sigmund laughs darkly.
Sigmund hits you with a +0 scythe.
You hit Sigmund.
Sigmund is almost dead.
A rat comes into view.
Sigmund says, "Don't worry, I'll kill you fast."
Sigmund points at you and mumbles some strange words.
The magic dart hits you.
Sigmund casts a spell.
Sigmund flickers and vanishes!
Deactivating autopickup; reactivate with Ctrl-A.
You hear some strange, mumbled words.
A puff of flame appears from out of thin air!
The puff of flame misses you.
You completely miss something.
You feel less confused. Something barely misses you.
You closely miss something.
You hear some strange, mumbled words.
A puff of flame appears from out of thin air!
The puff of flame hits you!
You die...
Your body disappears without a glow.

..# # ..#.#
..#.##.
.......
....##.
#######r[.....
#.....<.......
#.#....#......
#..@{# .....
#...(# ....
####(# ... .(#
.. ### .


You could see a rat.

Vanquished Creatures
  2 dart slugs (D:1)
  2 bats (D:1)
  3 endoplasms (D:1)
  A giant cockroach (D:1)
  4 goblins (D:1)
  A hobgoblin (D:1)
  2 quokkas (D:1)
  2 ball pythons (D:1)
  11 frilled lizards (D:1)
  3 kobolds (D:1)
  5 rats (D:1)
36 creatures vanquished.

Vanquished Creatures (others)
  38 foxfires (D:1)
38 creatures vanquished.

Grand Total: 74 creatures vanquished

Notes
Turn   | Place    | Note
-------+----------+-------------------------------------------
     0 | D:1      | McGhostyFace the Gnoll Wanderer began the quest for the
                  | Orb.
     0 | D:1      | McGhostyFace set off with the following items: a +0 dagger,
                  | a scroll of blinking, a +0 robe, a +0 pair of boots; and
                  | the following spell memorised: Foxfire; and the following
                  | spells available to memorise: Sublimation of Blood,
                  | Cigotuvi's Dreadful Rot, Ignite Poison, Kindle Blastsparks.
     0 | D:1      | Reached XP level 1. HP: 17/17 MP: 4/4
   147 | D:1      | Reached XP level 2. HP: 23/23 MP: 0/5
   365 | D:1      | Reached XP level 3. HP: 28/28 MP: 1/7
   776 | D:1      | Found a faded altar of an unknown god.
   800 | D:1      | Reached skill level 1 in Invocations
   812 | D:1      | Prayed at the altar of an unknown god.
   812 | D:1      | Became a worshipper of Nemelex Xobeh the Trickster
   812 | D:1      | Reached * piety under Nemelex Xobeh
  1050 | D:2      | Noticed Sigmund
  1074 | D:2      | Killed from afar by Sigmund

Illustrated notes

Levels and vault maps discovered:
D:1:      psy_arrival_dodecagon, layout_basic, shapermc_ecumenical_altar_venn,
          minmay_lizard_pond
D:2:      layout_basic, serial_shops, shop, uniq_sigmund,
          uniq_crazy_yiuf_cottage

Skill      XL: |  1  2  3 |
---------------+----------+-----
Invocations    | 1 |  1.0
Fighting       | |  2.6
Short Blades   | |  0.8
Long Blades    | |  0.8
Axes           | |  0.8
Maces & Flails | |  0.8
Polearms       | |  0.8
Staves         | |  0.8
Ranged Weapons | |  0.8
Throwing       | |  2.6
Armour         | |  2.6
Dodging        | |  2.6
Stealth        | |  0.8
Shields        | |  0.8
Unarmed Combat | |  0.8
Spellcasting   | |  2.8
Conjurations   | |  0.5
Hexes          | |  0.5
Summonings     | |  0.5
Necromancy     | |  3.7
Translocations | |  0.5
Transmutations | |  0.5
Fire Magic     | |  5.4
Ice Magic      | |  0.5
Air Magic      | |  0.5
Earth Magic    | |  0.5
Poison Magic   | |  0.5
Evocations     | |  0.8

Action                   || total
-------------------------++-------
Melee: Dagger            ||    25
       Bite              ||     6
       Whip              ||    42
       Punch             ||     2
Throw: Dart              ||     4
       Javelin           ||     3
 Cast: Foxfire           ||    21
 Stab: Sleeping          ||     1
Armor: Robe              ||    22
Dodge: Dodged            ||    59

Table legend: (Time is in decaauts)
 A = Elapsed time spent in this place.
 B = Non-inter-level travel time spent in this place.
 C = Inter-level travel time spent in this place.
 D = Time resting spent in this place.
 E = Time spent auto-exploring this place.
 F = Levels seen in this place.
 G = Mean time per level.
                   A        B        C        D        E       F      G
               +--------+--------+--------+--------+--------+-----+--------+
         Total |   1075 |   1058 |     17 |    145 |    678 |   2 |  537.5 |
       Dungeon |   1075 |   1058 |     17 |    145 |    678 |   2 |  537.5 |
               +--------+--------+--------+--------+--------+-----+--------+

Top non-repeatable levels by time:
     D:1: 1051 daAuts
     D:2: 24 daAuts
